 Dungeon Crawl Stone Soup version 0.22.1-1-ga44c0e56f4 (webtiles) character file.

44 LLavrengius the Insei (level 3, 0/23 HPs)
             Began as an Octopode Transmuter on Nov 8, 2018.
             Killed from afar by Natasha (10 damage)
             ... with a magic dart
             ... on level 2 of the Dungeon.
             The game lasted 00:03:13 (1355 turns).

LLavrengius the Insei (Octopode Transmuter)         Turns: 1355, Time: 00:03:15

Health: 0/23       AC:  1    Str:  9    XL:     3   Next: 62%
Magic:  6/6        EV: 13    Int: 16    God:
Gold:   49         SH:  4    Dex: 12    Spells: 3/6 levels left

rFire    . . .     SeeInvis .     - Unarmed
rCold    . . .     Gourm    .   b - +0 buckler (curse)
rNeg     . . .     Faith    .   (helmet restricted)
rPois    .         Spirit   .   (no amulet)
rElec    .         Reflect  .   (no ring)
rCorr    .         Harm     .   (no ring)
MR       .....                  (no ring)
Stlth    ++........             (no ring)
HPRegen  0.07/turn              (no ring)
MPRegen  0.10/turn              (no ring)
                                (no ring)
                                (no ring)

@: no status effects
A: almost no armour, stealthy swim, amphibious, 8 rings, constrict 8, camouflage
1, gelatinous body 1
a: no special abilities


You were on level 2 of the Dungeon.
You were not hungry.

You visited 1 branch of the dungeon, and saw 2 of its levels.

You collected 49 gold pieces.

Inventory:

Missiles
 a - 12 arrows
 j - 38 sling bullets
 k - 60 stones (quivered)
Armour
 b - a cursed +0 buckler (worn)
Scrolls
 e - a scroll of remove curse {unknown}
 f - 3 scrolls of identify {unknown}
 l - a scroll of fog {unknown}
 m - a scroll of magic mapping {unknown}
 n - 2 scrolls of teleportation {unknown}
Potions
 d - 2 potions of curing {unknown}
 g - 2 potions of agility {unknown}
 h - a potion of heal wounds {unknown}
 i - a potion of brilliance {unknown}
 o - a potion of resistance {unknown}
Comestibles
 c - 3 rations


   Skills:
 + Level 1.5 Fighting
 - Level 2.0 Dodging
 * Level 1.6 Shields
 + Level 3.4 Unarmed Combat
 - Level 2.0 Spellcasting
 + Level 2.4 Transmutations


You had 3 spell levels left.
You knew the following spells:

 Your Spells              Type           Power        Failure   Level  Hunger
a - Beastly Appendage     Tmut           #.....       10%         1    #......
b - Sticks to Snakes      Tmut           #.......     16%         2    ###....

Your spell library contained the following spells:

 Spells                   Type           Power        Failure   Level  Hunger
 Spider Form              Tmut/Pois      #.........   45%         3    ###....
 Ice Form                 Ice/Tmut       #.......     86%         4    #####..
 Blade Hands              Tmut           #.........   95%         5    ######.


Dungeon Overview and Level Annotations

Branches:
Dungeon (2/15)

Altars:

Annotations:
D:2 1 runed door, Natasha


Innate Abilities, Weirdness & Mutations

You cannot wear most types of armour.
You are very stealthy in the water. (Stealth+)
You are amphibious.
You can wear up to eight rings at the same time.
You can use your tentacles to constrict eight enemies at once.
Your skin changes colour to match your surroundings (Stealth+).
Your rubbery body absorbs attacks. (AC +1, EV +1)


Message History

Natasha is heavily wounded.
You constrict Natasha, but do no damage.
Natasha claws you.
You are too injured to fight recklessly!
You are too injured to fight recklessly!
You completely miss Natasha.
Natasha is heavily wounded.
You constrict Natasha, but do no damage.
Natasha misses you. The crimson imp closely misses you.
You tentacle-slap Natasha.
Natasha is severely wounded.
You constrict Natasha. Natasha barely misses you.
The crimson imp blinks!
Your shield prevents you from hitting Natasha.
Your squeeze misses Natasha.
Natasha is severely wounded.
You constrict Natasha.
Natasha mewls in sadness.
Natasha stares at you and mumbles some strange words.
The magic dart hits you!
You die...

#.# ♣♣.♣ #.# #+#
#.# #.# #.#
###.# #.# ....#
#.# .#.[# #.#
....# ##.# ..).#
#.h# ...## # #@#
.##.# #.##§# .#
..# #....# .#
+#.# # ####.# ..
.# #.#####.# #.
#.......#
####.##.#
####....5######
+...............


You could see Natasha and a crimson imp.

Vanquished Creatures
  An ooze (D:1)
  A worm (D:2)
  A dart slug (D:1)
  A leopard gecko (D:1)
  2 giant cockroaches
  4 goblins
  3 hobgoblins
  2 quokkas (D:2)
  6 bats (D:1)
  A frilled lizard (D:1)
  5 kobolds
  6 rats
33 creatures vanquished.

Notes
Turn   | Place    | Note
-------+----------+-------------------------------------------
     0 | D:1      | LLavrengius the Octopode Transmuter began the quest for the
                  | Orb.
     0 | D:1      | Reached XP level 1. HP: 13/13 MP: 3/3
   343 | D:1      | Reached XP level 2. HP: 14/18 MP: 5/5
   347 | D:1      | Learned a level 2 spell: Sticks to Snakes
   531 | D:1      | Reached skill level 1 in Shields
   558 | D:1      | Reached XP level 3. HP: 19/23 MP: 6/6
  1122 | D:2      | Found a runed door.
  1344 | D:2      | Noticed Natasha
  1355 | D:2      | Killed from afar by Natasha

Skill      XL: |  1  2 |
---------------+-------+-----
Shields        | 1 |  1.6
Fighting       | |  1.5
Dodging        | |  2.0
Unarmed Combat | |  3.4
Spellcasting   | |  2.0
Transmutations | |  2.4

Action                   || total
-------------------------++-------
Melee: Unarmed           ||    96
       Constrict         ||    21
       Tentacles         ||    15
       Punch             ||     1
 Stab: Sleeping          ||     4
  Eat: Chunk             ||     1
Armor: Skin              ||    11
Dodge: Dodged            ||    65
Block: Buckler           ||    13
